 Dungeon Crawl Stone Soup version 0.30-a0-462-gd5975efbca (webtiles) character file.

Game seed: 17904578687503627320

353 Shayle the Chopper (level 6, -1/46 (48) HPs)
             Began as a Demonspawn Reaver on Dec 16, 2022.
             Succumbed to a scorpion's poison
             ... on level 5 of the Dungeon.
             The game lasted 00:13:02 (3758 turns).

Shayle the Chopper (Demonspawn Reaver)              Turns: 3758, Time: 00:13:02

HP:   -1/46 (48)    AC:  7    Str: 16    XL:     6   Next: 35%
MP:   9/9           EV: 13    Int: 16    God:
Gold: 175           SH:  0    Dex: 12    Spells: 8/9 levels left

rFire   + . .      SeeInvis .    m - +0 long sword (vorpal)
rCold   + . .      Faith    .    (no shield)
rNeg    . . .      Spirit   .    r - +2 robe of the Turtledove {Rampage rF+ rC+ Str+4}
rPois   .          Reflect  .    (no helmet)
rElec   .          Harm     .    (no cloak)
rCorr   .          Rampage  +    (no gloves)
Will    .....                    (no boots)
Stlth   +.........               (no amulet)
HPRegen 0.27/turn                (no ring)
MPRegen 0.11/turn                (no ring)

@: lethally poisoned (-1 -> -9), lightly drained
A: claws 1, slimy green scales 2, ignite blood 1, demonic magic 1
a: no special abilities


You were on level 5 of the Dungeon.
You visited 1 branch of the dungeon, and saw 5 of its levels.

You collected 175 gold pieces.

Inventory:

Hand Weapons
 a - a +0 hand axe
 e - a +3 trident
 j - a +2 dagger of freezing
 m - a +0 vorpal long sword (weapon)
Armour
 b - a +0 leather armour
 o - an orb of wrath
 r - the +2 robe of the Turtledove (worn) {Rampage rF+ rC+ Str+4}
   (You found it on level 2 of the Dungeon)

   Str:       It affects your strength (+4).
   rF:        It protects you from fire.
   rC:        It protects you from cold.
   Rampage:   It bestows one free step when moving towards enemies.
 t - a +1 ring mail of poison resistance
Jewellery
 f - a +6 ring of strength
 l - an amulet of reflection
 n - the ring "Rihihugh" {rPois rF+ Will+ Str-5 SInv}
   (You found it on level 2 of the Dungeon)

   [ring of willpower]

   Str:       It affects your strength (-5).
   rF:        It protects you from fire.
   rPois:     It protects you from poison.
   SInv:      It lets you see invisible.
   Will:      It increases your willpower.
 p - a ring of see invisible
 x - a +6 ring of strength
Scrolls
 c - a scroll of noise {unknown}
 g - a scroll of teleportation
 h - 3 scrolls of vulnerability
 k - 2 scrolls of immolation
 u - a scroll of fog
 v - a scroll of blinking
Potions
 d - 2 potions of berserk rage {unknown}
 i - a potion of haste
 q - 2 potions of flight
 s - a potion of ambrosia


   Skills:
 + Level 4.2 Fighting
 + Level 4.3 Axes
 + Level 3.8 Dodging
 - Level 2.0 Spellcasting
 - Level 3.0 Conjurations


You had 8 spell levels left.
You knew the following spells:

 Your Spells              Type           Power      Damage    Failure   Level
a - Kiss of Death         Conj/Necr      24%        2d7       11%         1

Your spell library contained the following spells:

 Spells                   Type           Power      Damage    Failure   Level
 Momentum Strike          Conj/Tloc      12%        3d8       17%         2
 Ensorcelled Hibernation  Hex/Ice        2%         N/A       30%         2
 Hailstorm                Conj/Ice       6%         3d4       32%         3
 Spider Form              Tmut/Pois      1%         N/A       52%         3
 Anguish                  Hex/Necr       0%         N/A       90%         4
 Cause Fear               Hex            0%         N/A       90%         4
 Dragon Form              Tmut           0%         N/A       100%        7
 Dragon's Call            Summ           0%         N/A       100%        9


Dungeon Overview and Level Annotations

Branches:
Dungeon (5/15)
 Temple: D:4-7

Altars:

Annotations:
D:5 1 runed translucent door, IdlyInterested's ghost, novice DsWn


Innate Abilities, Weirdness & Mutations

You have sharp fingernails.
You are mostly covered in slimy green scales. (AC +3)
Your demonic aura sometimes causes spilled blood to erupt in flames.
Spells you cast may paralyse adjacent enemies.


Message History

The scorpion is heavily wounded.
The scorpion barely misses you.
The scorpion stings you but does no damage.
You closely miss the scorpion.
The scorpion is heavily wounded.
The scorpion stings you.
You are poisoned.
The scorpion poisons you!
The scorpion stings you but does no damage.
You barely miss the scorpion.
The scorpion is heavily wounded.
You feel very sick. The scorpion barely misses you.
You hit the scorpion.
The scorpion is severely wounded.
You feel sick. The scorpion closely misses you. The scorpion misses you.
You closely miss the scorpion.
The scorpion is severely wounded.
You feel sick. The scorpion stings you.
* * * LOW HITPOINT WARNING * * *
The scorpion closely misses you.
You closely miss the scorpion.
The scorpion is severely wounded.
You feel sick. The scorpion barely misses you.
You hit the scorpion but do no damage.
The scorpion is severely wounded.
You feel sick.
You are no longer poisoned.
The scorpion stings you.
* * * LOW HITPOINT WARNING * * *
The scorpion completely misses you.
You hit the scorpion but do no damage.
The scorpion is severely wounded.
The scorpion misses you. The scorpion stings you.
* * * LOW HITPOINT WARNING * * *
You are lethally poisoned!
The scorpion poisons you!
You completely miss the scorpion.
The scorpion is severely wounded.
You die...

. '.....# #.# .#
#.#.#.....# #.##
'.. ....#..#.#
#... #.#.#.##..#.#
#... ....)......#
#... #.#.##....#
#... ....#....###
##..
#.##....#.######..
#@s†......†...##.#
####..........##.#
#..........''.#
#..........##.#
....#..........#
.....#.####+#.###
.....#.# #.#.#
####:#+####.#.#..
......#.#..


You could see a scorpion.

Vanquished Creatures
  A bullfrog (D:5)
  A howler monkey (D:5)
  A jelly (D:5)
  A hound (D:4)
  2 orc wizards
  6 adders
  A gnoll (D:5)
  A worm (D:2)
  3 dart slugs
  6 orcs
  6 ball pythons
  6 bats
  5 endoplasms
  4 giant cockroaches
  6 goblins
  6 hobgoblins
  11 kobolds
  A quokka (D:1)
  5 frilled lizards
  4 rats
77 creatures vanquished.

Vanquished Creatures (others)
  7 plants (D:3)
7 creatures vanquished.

Grand Total: 84 creatures vanquished

Notes
Turn   | Place    | Note
-------+----------+-------------------------------------------
     0 | D:1      | Shayle the Demonspawn Reaver began the quest for the Orb.
     0 | D:1      | Reached XP level 1. HP: 16/16 MP: 3/3
   233 | D:1      | Found a faded altar of an unknown god.
   369 | D:1      | Gained mutation: Spells you cast may paralyse adjacent
                  | enemies. [demonic ancestry]
   369 | D:1      | Reached XP level 2. HP: 22/22 MP: 5/5
  1511 | D:2      | Gained mutation: You are partially covered in slimy green
                  | scales. (AC +2) [demonic ancestry]
  1511 | D:2      | Reached XP level 3. HP: 17/28 MP: 6/6
  1981 | D:2      | Identified the ring "Rihihugh" {rPois rF+ Will+ Str-5 SInv}
  2173 | D:2      | Gained mutation: You have sharp fingernails. [demonic
                  | ancestry]
  2173 | D:2      | Reached XP level 4. HP: 35/35 MP: 7/7
  2243 | D:2      | Identified the +2 robe of the Turtledove {Rampage rF+ rC+
                  | Str+4}
  2786 | D:3      | Gained mutation: Your demonic aura sometimes causes spilled
                  | blood to erupt in flames. [demonic ancestry]
  2786 | D:3      | Reached XP level 5. HP: 31/41 MP: 8/8
  3330 | D:5      | Entered Level 5 of the Dungeon
  3500 | D:5      | Gained mutation: You are mostly covered in slimy green
                  | scales. (AC +3) [demonic ancestry]
  3500 | D:5      | Reached XP level 6. HP: 12/48 MP: 9/9
  3647 | D:5      | Found a runed translucent door.
  3647 | D:5      | Noticed IdlyInterested's ghost (novice DsWn)
  3757 | D:5      | HP: 1/46 [scorpion (5)]
  3758 | D:5      | Succumbed to a scorpion's poison

Illustrated notes

Levels and vault maps discovered:
D:1:      minmay_arrival_checkered_box, layout_basic,
          nicolae_ecumenical_lake_church, grunt_decor_mini_mirrors
D:2:      layout_basic
D:3:      layout_loops_cross, serial_forest, infiniplex_forest_clump_long,
          infiniplex_forest_corner_2, infiniplex_forest_end_3,
          infiniplex_forest_corner_1, infiniplex_forest_clump_cross,
          infiniplex_forest_lined_room_2, infiniplex_forest_end_1,
          infiniplex_forest_lined_corner
D:4:      layout_cave_pools, minmay_temple_entry_butterflies
D:5:      layout_basic, marbit_many_paths, ebering_ghost_reflecting_pool,
          st_stairs_8

Skill      XL: |  1  2  3  4  5 |
---------------+----------------+-----
Dodging        | 2 3 |  3.8
Axes           | 3 4 |  4.3
Fighting       | 3 4 |  4.2
Spellcasting   | |  2.0
Conjurations   | |  3.0

Action                   |  1- 3 |  4- 6 || total
-------------------------+-------+-------++-------
Melee: Hand axe          |    92 |       ||    92
       Long sword        |    33 |   176 ||   209
       Punch             |       |     1 ||     1
 Cast: Kiss of Death     |       |     1 ||     1
  Use: Potion            |       |     6 ||     6
       Scroll            |       |     8 ||     8
 Stab: Sleeping          |     2 |     2 ||     4
Armor: Leather armour    |    46 |       ||    46
       Robe              |       |   120 ||   120
       Skin              |       |     3 ||     3
Dodge: Dodged            |    77 |   162 ||   239

Table legend: (Time is in decaauts)
 A = Elapsed time spent in this place.
 B = Non-inter-level travel time spent in this place.
 C = Inter-level travel time spent in this place.
 D = Time resting spent in this place.
 E = Time spent auto-exploring this place.
 F = Levels seen in this place.
 G = Mean time per level.
                   A        B        C        D        E       F      G
               +--------+--------+--------+--------+--------+-----+--------+
         Total |   3854 |   3758 |     96 |    332 |   2406 |   5 |  770.8 |
       Dungeon |   3854 |   3758 |     96 |    332 |   2406 |   5 |  770.8 |
               +--------+--------+--------+--------+--------+-----+--------+

Top non-repeatable levels by time:
     D:1: 1325 daAuts
     D:2: 972 daAuts
     D:3: 968 daAuts
     D:5: 454 daAuts
     D:4: 133 daAuts
